 Dungeon Crawl Stone Soup version 0.28-a0-1382-g92835e5c71 (webtiles) character file.

Game seed: 1260390950475042473

31 bande the Shield-Bearer (level 3, -1/23 HPs)
             Began as a Gargoyle Fighter on Jan 2, 2022.
             Slain by Terence (3 damage)
             ... on level 2 of the Dungeon.
             The game lasted 00:01:39 (1029 turns).

bande the Shield-Bearer (Gargoyle Fighter)          Turns: 1029, Time: 00:01:39

Health: -1/23      AC: 10    Str: 19    XL:     3   Next: 22%
Magic:  3/3        EV:  9    Int:  8    God:
Gold:   25         SH:  4    Dex: 11    Spells: 2/2 levels left

rFire   . . .      SeeInvis .   a - +0 war axe
rCold   . . .      Faith    .   c - +0 buckler
rNeg    + . .      Spirit   .   b - +0 scale mail
rPois   ∞          Reflect  .   (no helmet)
rElec   +          Harm     .   (no cloak)
rCorr   .          Rampage  .   (no gloves)
Will    .....                   (no boots)
Stlth   ..........              (no amulet)
HPRegen 0.07/turn               (no ring)
MPRegen 0.08/turn               (no ring)

@: no status effects
A: sickness immunity, AC +3, negative energy resistance 1, electricity
resistance, torment resistance 1, petrification resistance
a: no special abilities


You were on level 2 of the Dungeon.
You visited 1 branch of the dungeon, and saw 2 of its levels.

You collected 25 gold pieces.

Inventory:

Hand Weapons
 a - a +0 war axe (weapon)
Armour
 b - a +0 scale mail (worn)
 c - a +0 buckler (worn)
Potions
 d - 2 potions of might
 f - a potion of attraction {unknown}
 g - a potion of magic
 h - 2 potions of curing {unknown}


   Skills:
 + Level 3.5 Fighting
 + Level 2.3 Axes
 + Level 3.6 Armour
 + Level 3.6 Shields


You had 2 spell levels left.
You didn't know any spells.
Your spell library was empty.

Dungeon Overview and Level Annotations

Branches:
Dungeon (2/15)

Altars:

Shops:
D:1 =

Annotations:
D:2 Terence


Innate Abilities, Weirdness & Mutations

You are immune to sickness and miasma.
Your stone body is resilient. (AC +3)
You are immune to poison.
You resist negative energy. (rN+)
You are resistant to electric shocks. (rElec)
You are resistant to unholy torment.
You are immune to petrification.


Message History

The adder is almost dead.
The adder closely misses you. The adder bites you but does no damage.
You miss the adder.
The adder is almost dead.
The adder bites you but does no damage. The adder closely misses you.
You barely miss the adder.
The adder is almost dead.
The adder closely misses you. The adder misses you.
You closely miss the adder.
The adder is almost dead.
The adder bites you. The adder bites you but does no damage.
You closely miss the adder.
The adder is almost dead.
The adder bites you but does no damage.
You barely miss the adder.
The adder is almost dead.
The adder closely misses you. The adder bites you but does no damage.
You slash the adder!
You kill the adder!
Terence hits you with a +0 hand axe.
You have reached level 3!
Your experience leads to an increase in your attributes!
Increase (S)trength, (I)ntelligence, or (D)exterity?
You feel agile. x2
You hit Terence but do no damage.
Terence is lightly wounded.
Terence hits you with a +0 hand axe.
* * * LOW HITPOINT WARNING * * *
You hit Terence but do no damage.
Terence is lightly wounded.
Terence hits you with a +0 hand axe.
* * * LOW HITPOINT WARNING * * *
Terence closely misses you.
You closely miss Terence.
Terence is lightly wounded.
You block Terence's attack.
Unknown command.
It was a potion of magic.
Magic courses through your body. Terence hits you with a +0 hand axe.
You die...

#.# #.# #.#
#.########*******#########******
#>........,,,,,,,.........,,,,,,
##'########*******#.......#*,,,,,
........# #.......#*,,,,,
<...[...###########w......#*,,,,,
........'....†..@@KS......++,,,,,
........###########S......#*,,,,,
........# #.......#*,,,^,
........# #...$...#*,,,,,
........# #........,,,,,,
........# ####.....,,,***
........# *.....,,,* ........#
*.....,,,* ********* *,>,,,,,,*


You could see Terence, a worm, an adder, a ball python and a kobold.

Vanquished Creatures
  An adder (D:2)
  2 dart slugs
  2 ball pythons (D:1)
  2 endoplasms (D:1)
  A giant cockroach (D:1)
  A hobgoblin (D:1)
  5 bats (D:1)
  2 frilled lizards
  2 rats (D:1)
18 creatures vanquished.

Notes
Turn   | Place    | Note
-------+----------+-------------------------------------------
     0 | D:1      | bande the Gargoyle Fighter began the quest for the Orb.
     0 | D:1      | Reached XP level 1. HP: 14/14 MP: 1/1
   107 | D:1      | Found a faded altar of an unknown god.
   129 | D:1      | Found Caorewoz's Jewellery Emporium.
   171 | D:1      | Reached XP level 2. HP: 19/19 MP: 2/2
  1002 | D:2      | Noticed Terence
  1026 | D:2      | Reached XP level 3. HP: 11/23 MP: 3/3
  1029 | D:2      | Slain by Terence

Illustrated notes

Levels and vault maps discovered:
D:1:      lordsloth_arrival_two_stooges, layout_loops_ring, serial_forest,
          infiniplex_forest_clump_curved, infiniplex_forest_clump_tiny,
          infiniplex_forest_lined_corner, infiniplex_forest_straight_4,
          infiniplex_forest_straight_1, infiniplex_forest_lined_2, serial_shops,
          shop, ebering_ecumenical_altar_webs
D:2:      layout_basic, uniq_terence

Skill      XL: |  1  2 |
---------------+-------+-----
Axes           | 2 |  2.3
Fighting       | |  3.5
Armour         | |  3.6
Shields        | |  3.6

Action                   || total
-------------------------++-------
Melee: War axe           ||    64
  Use: Scroll            ||     1
       Potion            ||     1
Armor: Scale mail        ||    46
Dodge: Dodged            ||    35
Block: Buckler           ||    10

Table legend: (Time is in decaauts)
 A = Elapsed time spent in this place.
 B = Non-inter-level travel time spent in this place.
 C = Inter-level travel time spent in this place.
 D = Time resting spent in this place.
 E = Time spent auto-exploring this place.
 F = Levels seen in this place.
 G = Mean time per level.
                   A        B        C        D        E       F      G
               +--------+--------+--------+--------+--------+-----+--------+
         Total |   1055 |   1055 |      0 |      0 |    891 |   2 |  527.5 |
       Dungeon |   1055 |   1055 |      0 |      0 |    891 |   2 |  527.5 |
               +--------+--------+--------+--------+--------+-----+--------+

Top non-repeatable levels by time:
     D:1: 935 daAuts
     D:2: 120 daAuts
